 Dungeon Crawl Stone Soup version 0.29.0-11-gd7f09526c8 (webtiles) character file.

Game seed: 5645881827525412953

2 blackman the Sneak (level 1, -5/18 HPs)
             Began as a Demonspawn Delver on Sept 5, 2022.
             Slain by an orc
             ... wielding a +0 falchion
              (6 damage)
             ... on level 5 of the Dungeon.
             The game lasted 00:02:35 (110 turns).

blackman the Sneak (Demonspawn Delver)               Turns: 110, Time: 00:02:35

Health: -5/18      AC:  3    Str: 12    XL:     1   Next: 25%
Magic:  1/1        EV: 11    Int: 11    God:
Gold:   11         SH:  0    Dex: 14    Spells: 0/0 levels left

rFire   . . .      SeeInvis .   a - +0 spear
rCold   . . .      Faith    .   (no shield)
rNeg    . . .      Spirit   .   b - +0 leather armour
rPois   .          Reflect  .   (no helmet)
rElec   .          Harm     .   (no cloak)
rCorr   .          Rampage  .   (no gloves)
Will    .....                   (no boots)
Stlth   ++........              (no amulet)
HPRegen 0.06/turn               (no ring)
MPRegen 0.07/turn               (no ring)

@: no status effects
A: no striking features
a: no special abilities


You were on level 5 of the Dungeon.
You visited 1 branch of the dungeon, and saw 2 of its levels.

You collected 11 gold pieces.

Inventory:

Hand Weapons
 a - a +0 spear (weapon)
Armour
 b - a +0 leather armour (worn)
 h - a +5 plate armour of ponderousness
Wands
 g - a wand of digging (3)
Scrolls
 c - a scroll of fog


   Skills:
 - Level 3.0 Fighting
 + Level 2.0 Polearms
 - Level 1.7 Dodging
 - Level 4.5 Stealth


You couldn't memorise any spells.
You didn't know any spells.
Your spell library was empty.

Dungeon Overview and Level Annotations

Branches:
Dungeon (6/15)
 Temple: D:4-7

Altars:

Annotations:
D:6 Menkaure


Message History

You hit the orc.
The orc is moderately wounded.
The orc closely misses you.
You completely miss the orc.
The orc is moderately wounded.
The orc barely misses you.
You hit the orc.
The orc is heavily wounded.
An orc comes into view. It is wielding a +0 falchion.
The orc shouts!
You hit the orc.
You kill the orc!
You hear a shout!
Your Polearms skill increases to level 2!
You barely miss the orc. The orc barely misses you.
You completely miss the orc. The orc hits you but does no damage.
You barely miss the orc.
The orc shouts!
The orc hits you but does no damage.
You hear a shout!
You barely miss the orc. You hit the orc.
The orc is lightly wounded.
The orc hits you with a +0 falchion!
You are too injured to fight recklessly!
You are too injured to fight recklessly!
You are too injured to fight recklessly!
You are too injured to fight recklessly!
You are too injured to fight recklessly!
Unknown command.
The orc hits you with a +0 flail!
Keep disrobing? [Y]es or [N]o only, please.
Keep disrobing? [Y]es or [N]o only, please.
Keep disrobing?
You stop removing your armour.
* * * LOW HITPOINT WARNING * * *
The orc hits you with a +0 falchion.
You die...

...........#.♣
..o.......#.♣#
.............♣♣♣.♣
.o..##.##.......♣
#.# #....♣♣♣. #.#
#...♣# ♣ #.# #...♣
.♣ #.### ##...♣#
♣.♣# #.o@#
.####O.♣♣♣...♣
###o##.####.........
#.............#h.#
#..#.#######.#[.#
#.....# #..O##
#..#.## ##>.# #..#.#
######.##
#..#.###......#
#.......:#....#


You could see 2 orcs.

Vanquished Creatures
  An orc (D:5)
1 creature vanquished.

Vanquished Creatures (others)
  A withered plant (D:5)
1 creature vanquished.

Grand Total: 2 creatures vanquished

Notes
Turn   | Place    | Note
-------+----------+-------------------------------------------
     0 | D:5      | blackman the Demonspawn Delver began the quest for the Orb.
     0 | D:5      | Reached XP level 1. HP: 18/18 MP: 1/1
    11 | D:5      | Noticed an ogre
    12 | D:5      | Noticed a hound
    30 | D:6      | Noticed a bullfrog
    51 | D:6      | Noticed a hound
    62 | D:6      | Noticed Menkaure
   110 | D:5      | Slain by an orc

Illustrated notes

Levels and vault maps discovered:
D:5:      layout_basic, yredelemnul_altar_generic,
          nicolae_ru_sacrificial_ziggurat, minmay_temple_entry_glass,
          minmay_stone_trees_medium
D:6:      lemuel_ice_spiral_2, layout_basic, minmay_misc_feat_doors,
          uniq_menkaure

Skill      XL: |  1 |
---------------+----+-----
Polearms       | 2 |  2.0
Fighting       | |  3.0
Dodging        | |  1.7
Stealth        | |  4.5

Action                   || total
-------------------------++-------
Melee: Spear             ||    12
  Use: Scroll            ||     2
       Potion            ||     1
Armor: Leather armour    ||     2
Dodge: Dodged            ||     3
